 Dungeon Crawl Stone Soup version 0.30.0-29-ga12c61a403 (webtiles) character file.

Game seed: 2184273354351395617

167412 Nicoed the Executioner (level 17, 0/151 HPs)
             Began as a Minotaur Fighter on June 13, 2023.
             Was the Champion of Okawaru.
             Killed from afar by a fire giant (15 damage)
             ... with a fireball
             ... on level 3 of the Depths.
             The game lasted 01:09:00 (29508 turns).

Nicoed the Executioner (Minotaur Fighter)          Turns: 29508, Time: 01:09:01

Health: 0/151      AC: 32    Str: 29    XL:     17   Next: 31%
Magic:  22/22      EV: 10    Int:  5    God:    Okawaru [******]
Gold:   1835       SH:  8    Dex: 10    Spells: 16/16 levels left

rFire   + + .        h - +7 consecrated labrys {holy, Valiant Fragile Fly SInv}
rCold   + + .        U - +0 kite shield
rNeg    . . .        M - +2 gold dragon scales
rPois   +            R - +0 hat of Wugul {rF+}
rElec   +            e - +2 cloak {rCorr}
rCorr   +            g - +0 pair of gloves
SInv    +            a - +2 pair of slick slippers {slick, slippery, EV+4}
Will    +....        k - amulet of faith Stlth
                     Z - ring of protection from cold
HPRegen 0.00/turn    (no ring)
MPRegen 0.18/turn

%: faith
@: flying, inhibited regen
A: horns 2, retaliatory headbutt, frail 1, electricity resistance, inhibited
regeneration, subdued magic 1, inability to drink after injury 1, devolution 1
a: Renounce Religion, Heroism, Finesse, Duel


You were on level 3 of the Depths.
You worshipped Okawaru.
Okawaru was exalted by your worship.
You visited 6 branches of the dungeon, and saw 27 of its levels.

You collected 3147 gold pieces.
You spent 1312 gold pieces at shops.

Inventory:

Hand Weapons
 b - the +5 hand axe of Xazud {antimagic, Str+4 Dex+4}
   (Okawaru gifted it to you on level 1 of the Lair of Beasts)

   Str:       It affects your strength (+4).
   Dex:       It affects your dexterity (+4).
 h - the +7 consecrated labrys (weapon) {holy, Valiant Fragile Fly SInv}
   (Okawaru gifted it to you on level 2 of the Depths)

   Valiant:   It becomes more powerful as more dangerous foes come into view.
   SInv:      It lets you see invisible.
   Fly:       It grants you flight.
   Fragile:   It will be destroyed if unequipped.
 S - a +1 battleaxe of flaming
 X - a +1 hand axe of flaming
Missiles
 o - a curare-tipped dart (quivered)
 G - 2 throwing nets
Armour
 a - the +2 pair of slick slippers (worn) {slick, slippery, EV+4}
   (You bought it in a shop on level 7 of the Dungeon)

   Slick:     Its wearer cannot be constricted, engulfed, netted or webbed.
   Slippery:  Its wearer slips away from damaging melee attacks, pulling the
   attacker onward.
   EV:        It affects your evasion (+4).
 e - a +2 cloak of preservation (worn)
 g - a +0 pair of gloves (worn)
 H - the +4 pair of boots "Rede" {Drain +Blink Will+ Str+4}
   (Okawaru gifted it to you on level 2 of the Depths)

   Str:       It affects your strength (+4).
   +Blink:    It lets you blink.
   Drain:     It drains your maximum health when unequipped.
   Will:      It increases your willpower.
 L - a +1 crystal plate armour
 M - +2 gold dragon scales (worn)
 P - a scarf of resistance
 R - the +0 hat of Wugul (worn) {rF+}
   (Okawaru gifted it to you on level 15 of the Dungeon)

   rF:        It protects you from fire.
 U - a +0 kite shield (worn)
Jewellery
 k - an amulet of faith (around neck)
 u - a ring of resist corrosion
 Z - a ring of protection from cold (left hand)
Wands
 j - a wand of digging (5)
 A - a wand of roots (9)
 K - a wand of flame (32)
 Y - a wand of mindburst (10)
Scrolls
 l - 8 scrolls of teleportation
 m - 3 scrolls of vulnerability
 r - 6 scrolls of identify
 s - a scroll of silence
 t - 2 scrolls of torment
 v - 2 scrolls of fear
 y - 3 scrolls of amnesia
 z - 4 scrolls of poison
 B - 3 scrolls of immolation
 D - a scroll of fog
 E - a scroll of enchant weapon
 F - 4 scrolls of magic mapping
 I - 3 scrolls of noise
 W - 3 scrolls of blinking
Potions
 c - 3 potions of cancellation
 d - 5 potions of might
 f - 8 potions of mutation
 i - 6 potions of attraction
 n - 10 potions of haste
 p - 2 potions of ambrosia
 q - 9 potions of brilliance
 w - 5 potions of lignification
 x - a potion of resistance
 C - 13 potions of curing
 J - 3 potions of flight
 N - 8 potions of degeneration
 Q - 2 potions of magic
 T - a potion of invisibility
 V - 9 potions of heal wounds


   Skills:
 + Level 19.5 Fighting
 + Level 23.9 Axes
 + Level 19.5 Armour
 - Level 4.0 Shields
 - Level 8.0 Invocations


You had 16 spell levels left.
You didn't know any spells.
Your spell library contained the following spells:

 Spells                   Type           Power      Damage    Failure   Level
 Apportation              Tloc           0%         N/A       100%        1
 Necrotise                Necr           0%         1d4       100%        1
 Sandblast                Erth           0%         2d4       100%        1
 Ensorcelled Hibernation  Hex/Ice        0%         N/A       100%        2
 Passwall                 Tmut/Erth      0%         N/A       100%        2
 Hailstorm                Conj/Ice       0%         3d3       100%        3
 Ignite Poison            Fire/Tmut/Pois 0%         N/A       100%        3
 Inner Flame              Hex/Fire       0%         N/A       100%        3
 Ozocubu's Armour         Ice            0%         N/A       100%        3
 Spider Form              Tmut/Pois      0%         N/A       100%        3
 Stone Arrow              Conj/Erth      0%         3d7       100%        3
 Anguish                  Hex/Necr       0%         N/A       100%        4
 Flame Wave               Conj/Fire      0%         2d4       100%        4
 Ice Form                 Ice/Tmut       0%         N/A       100%        4
 Sticky Flame             Conj/Fire      0%         2d3       100%        4
 Fireball                 Conj/Fire      0%         3d3       100%        5
 Iskenderun's Battlesphe  Conj           0%         2d6       100%        5
 Metabolic Englaciation   Hex/Ice        0%         N/A       100%        5
 Yara's Violent Unravell  Hex/Tmut       0%         3d3       100%        5
 Conjure Ball Lightning   Conj/Air       0%         3x3d6     100%        6
 Enfeeble                 Hex            0%         N/A       100%        7
 Orb of Destruction       Conj           0%         9d5       100%        7
 Ignition                 Fire           0%         3d3       100%        8
 Lehudib's Crystal Spear  Conj/Erth      0%         10d2      100%        8
 Summon Small Mammal      Summ           Unusable   N/A       N/A         1
 Summon Guardian Golem    Hex/Summ       Unusable   N/A       N/A         3
 Animate Armour           Summ/Erth      Unusable   N/A       N/A         4
 Simulacrum               Ice/Necr       Unusable   N/A       N/A         6
 Spellforged Servitor     Conj/Summ      Unusable   N/A       N/A         7

Dungeon Overview and Level Annotations

Branches:
Dungeon (15/15)            Temple (1/1) D:7            Lair (5/5) D:8
 Shoals (0/4) Lair:3        Snake (1/4) Lair:2        Slime (0/5) Lair:5
    Orc (2/2) D:9             Elf (0/3) Orc:2        Vaults (0/5) D:14
 Depths (3/4) D:15

Altars:
Cheibriados
Dithmenos
Elyvilon
Nemelex Xobeh
Okawaru
Sif Muna
Uskayaw
Zin
The Shining One
Jiyva

Shops:
D:6 :   D:7 [   D:10 (   D:13 (   Orc:1 *=[([   Orc:2 :*([   Depths:1 *

Portals:
Hell: Depths:1 Depths:2
Pandemonium: Depths:2
Trove: D:14 (give 5 potions of resistance)

Annotations:
D:11 2 transporters, ripuliukko's ghost, journeyman DEEE


Innate Abilities, Weirdness & Mutations

You have a pair of horns on your head.
You reflexively headbutt those who attack you in melee.
You are frail. (-10% HP)
You are resistant to electric shocks. (rElec)
You do not regenerate when monsters are visible.
Your spells are a little easier to cast, but a little less powerful.
You occasionally lose the ability to drink potions when taking damage.
You have hidden genetic defects.


Message History

You slice the fire giant!!
You headbutt the fire giant, but do no damage.
The fire giant is moderately wounded.
You chop the fire giant into pieces!!! You headbutt the fire giant!
The fire giant is almost dead.
The fire giant gestures at you while chanting.
The fireball explodes!
The fireball engulfs you! You resist.
* * * LOW HITPOINT WARNING * * *
The fireball engulfs the fire giant!
The fire giant resists.
You slice the fire giant!!
You kill the fire giant!
Okawaru accepts your kill.
You hear a splash.
Your life force feels restored.
As you read the scroll of fog, it crumbles to dust.
The scroll dissolves into smoke.
The fire giant gestures at you while chanting.
The bolt of fire hits you. You resist.
* * * LOW HITPOINT WARNING * * *
You slash the fire giant!
The fire giant is heavily wounded.
The fire giant hits you with a +2 great sword of flaming.
* * * LOW HITPOINT WARNING * * *
You slip backwards!
You open the fire giant like a pillowcase!!!
Your headbutt misses the fire giant.
The fire giant is severely wounded.
The fire giant gestures at you while chanting.
The fireball explodes!
The fireball engulfs you! You resist.
* * * LOW HITPOINT WARNING * * *
The fireball engulfs the fire giant.
The fire giant resists.
You completely miss the fire giant. You headbutt the fire giant.
The fire giant is almost dead.
Unknown command.
Unknown command.
You barely miss the fire giant.
The fire giant is almost dead.
The fire giant gestures at you while chanting.
The fireball explodes!
The fireball engulfs you! You resist.
You die...

#.# #.....C......Z #.#
##......CY.≈...
##########.######...........Z..
~~.~..~.~#..C......)..§.......Z
.~.~......C####...§§C§.≈###§###
~~~≈≈≈.~~≈≈§§##.§§§≈§§.## ...
~~~.≈~~~~≈≈§§§#§≈§§.§≈## ⌠...
.........~~##C##§≈§§.## ...
.......~~[[.#§@#§§§.## ##
...~..~.~#))####.§≈.#
######.....÷.....≈..#
#.................⌠.
.................#...
........≈≈........#...#
..................# ..#
#..................# ..
....≈~≈...........#


You could see a fire giant.

Vanquished Creatures
  A juggernaut (Depths:2)
  The ghost of lmSkywalker the Warrior, an adept DrTm of Okawaru (Depths:2)
  A golden dragon (Depths:2)
  Rupert (Orc:2)
  5 tentacled monstrosities (Depths:2)
  A lich (Depths:2)
  Gastronok (Lair:3)
  2 sphinxes (Depths:2)
  A tengu reaver (Depths:2)
  3 fire giants
  A frost giant (Depths:2)
  An orc warlord (Orc:2)
  3 cacodemons (Depths:2)
  10 very ugly things (Depths:2)
  The ghost of MacCMillion the Summoner, a journeyman TeSu of Sif Muna (Orc:2)
  A vampire knight (Depths:2)
  6 stone giants
  4 spark wasps (Depths:3)
  Azrael (D:14)
  2 ettins
  3 fire dragons
  A merfolk impaler (Depths:1)
  An entropy weaver (shapeshifter) (D:14)
  Josephine (Lair:5)
  4 entropy weavers
  2 rakshasas
  A salamander tyrant (Depths:3)
  An ice dragon (Depths:1)
  5 vault guards (D:14)
  An ogre mage (D:15)
  11 hydras
  A catoblepas (Lair:5)
  3 boulder beetles
  2 ghost crabs (D:12)
  3 centaur warriors (D:14)
  8 two-headed ogres
  3 death yaks (Lair:3)
  2 deep troll earth magi (Depths:2)
  A deep troll shaman (Depths:2)
  Urug (Lair:2)
  3 tengu warriors
  A vampire mage (D:15)
  2 orc high priests
  5 soul eaters
  5 fire crabs (D:12)
  A skyshark (Lair:5)
  2 sun demons
  A salamander mystic (Depths:3)
  3 glowing orange brains (Depths:2)
  7 deep trolls
  A wizard (Depths:1)
  Pikel (D:4)
  A golden dragon skeleton (D:15)
  A glowing orange brain (shapeshifter) (Depths:2)
  A lindwurm (Lair:5)
  2 necromancers
  2 deep elf pyromancers
  4 oklob plants (Lair:4)
  16 ugly things
  6 orc sorcerers
  8 cyclopes
  3 manticores
  A fire giant zombie (D:15)
  2 salamanders (Depths:3)
  A salamander (shapeshifter) (Depths:2)
  A fire giant skeleton (D:15)
  3 smoke demons (Depths:1)
  2 torpor snails
  An apocalypse crab (D:12)
  A merfolk siren (Lair:3)
  10 black mambas
  11 cane toads
  4 gargoyles
  2 unseen horrors
  2 molten gargoyles (Lair:5)
  17 komodo dragons
  A yaktaur (D:14)
  Psyche (D:8)
  A rime drake (Lair:1)
  3 efreet
  2 tengu conjurers (Depths:2)
  A yaktaur (shapeshifter) (Depths:2)
  2 guardian mummies (D:15)
  4 trolls
  A hornet (D:9)
  5 polar bears
  Prince Ribbit (Lair:2)
  9 blink frogs
  A dream sheep (shapeshifter) (Depths:2)
  Sigmund (D:6)
  7 slime creatures (D:15)
  A centaur simulacrum (D:15)
  A shadow (D:11)
  10 wraiths
  12 water elementals
  64 yaks
  3 fire elementals (D:14)
  9 wyverns
  A wyvern (shapeshifter) (Depths:2)
  A fire bat (shapeshifter) (Depths:2)
  6 basilisks
  4 steam dragons
  5 vampire mosquitoes
  Menkaure (D:5)
  3 wargs
  2 acid dragons (D:11)
  A glowing shapeshifter zombie (D:15)
  9 hell hounds
  22 water moccasins
  A swamp drake (shapeshifter) (Depths:2)
  24 orc warriors
  2 ice beasts (D:6)
  7 ogres
  15 wolves
  A centaur (D:5)
  A lemure (D:4)
  4 phantoms
  A kobold brigand (D:8)
  A bullfrog (shapeshifter) (Depths:2)
  8 bullfrogs
  A scorpion (shapeshifter) (Depths:2)
  2 scorpions
  5 wights (D:9)
  7 killer bees
  A killer bee (shapeshifter) (Depths:2)
  12 howler monkeys
  3 electric eels
  4 lava snakes (Lair:5)
  8 hounds
  16 jellies
  2 gnoll boudas
  5 sleepcaps
  24 orc priests
  11 iguanas
  19 orc wizards
  Robin (D:2)
  12 gnolls
  9 adders
  A shadow imp (D:7)
  4 white imps
  An ufetubus (D:6)
  A worm (D:2)
  2 dart slugs
  81 orcs
  6 ball pythons
  5 bats
  9 endoplasms
  15 goblins
  7 hobgoblins
  8 jackals
  7 kobolds
  3 quokkas
  3 frilled lizards
  5 rats
  A fire vortex (Depths:3)
797 creatures vanquished.

Vanquished Creatures (others)
  A smoke demon (Depths:1)
  A hound (D:7)
2 creatures vanquished.

Grand Total: 799 creatures vanquished

Notes
Turn   | Place    | Note
-------+----------+-------------------------------------------
     0 | D:1      | Nicoed the Minotaur Fighter began the quest for the Orb.
     0 | D:1      | Reached XP level 1. HP: 19/19 MP: 0/0
   243 | D:1      | Reached XP level 2. HP: 27/27 MP: 1/1
   677 | D:2      | Reached skill level 3 in Axes
   834 | D:2      | Reached XP level 3. HP: 33/33 MP: 2/2
   852 | D:2      | Noticed Robin
   873 | D:2      | Reached skill level 4 in Axes
   873 | D:2      | Killed Robin
  1275 | D:3      | Reached XP level 4. HP: 34/40 MP: 3/3
  1457 | D:3      | Found a glowing golden altar of the Shining One.
  1485 | D:3      | Reached skill level 5 in Axes
  1734 | D:3      | Found a faded altar of an unknown god.
  2232 | D:4      | Noticed an ogre
  2618 | D:3      | Killed an ogre
  2619 | D:3      | Reached skill level 6 in Axes
  2619 | D:3      | Reached XP level 5. HP: 46/46 MP: 4/4
  2675 | D:4      | Noticed a phantom
  2763 | D:4      | Reached skill level 7 in Axes
  2786 | D:4      | Reached XP level 6. HP: 34/52 MP: 5/5
  2990 | D:4      | Reached skill level 8 in Axes
  3169 | D:4      | Noticed Pikel
  3200 | D:4      | Killed Pikel
  3201 | D:4      | Reached skill level 10 in Axes
  3201 | D:4      | Reached XP level 7. HP: 45/59 MP: 6/6
  3449 | D:5      | Entered Level 5 of the Dungeon
  3463 | D:5      | Noticed Menkaure
  3490 | D:5      | Reached skill level 11 in Axes
  3490 | D:5      | Reached XP level 8. HP: 40/66 MP: 7/7
  3834 | D:5      | Reached skill level 12 in Axes
  3873 | D:5      | Killed Menkaure
  4152 | D:5      | Reached skill level 13 in Axes
  4569 | D:6      | Noticed Sigmund
  4586 | D:6      | Killed Sigmund
  4587 | D:6      | Reached XP level 9. HP: 42/71 MP: 8/8
  4597 | D:6      | Reached skill level 14 in Axes
  4781 | D:6      | Found Faojecumia's Book Shop.
  5597 | D:7      | Reached skill level 15 in Axes
  5736 | D:7      | Found a staircase to the Ecumenical Temple.
  5779 | D:7      | Found Jimup's Antique Armour Shoppe.
  6440 | Temple   | Entered the Ecumenical Temple
  6446 | Temple   | Became a worshipper of Warmaster Okawaru
  6633 | D:8      | Found a snail-covered altar of Cheibriados.
  6762 | D:8      | Reached skill level 1 in Invocations
  6872 | D:8      | Found a staircase to the Lair.
  7122 | D:8      | Noticed a troll
  7143 | D:8      | Killed a troll
  7143 | D:8      | Reached * piety under Okawaru
  7144 | D:8      | Reached skill level 5 in Fighting
  7144 | D:8      | Reached skill level 16 in Axes
  7144 | D:8      | Reached skill level 5 in Armour
  7144 | D:8      | Reached XP level 10. HP: 29/81 MP: 10/10
  7420 | D:8      | Noticed Psyche
  7433 | D:8      | Killed Psyche
  7785 | D:8      | Found a shadowy altar of Dithmenos.
  8218 | D:9      | Found a staircase to the Orcish Mines.
  8684 | D:9      | Reached ** piety under Okawaru
  8963 | D:9      | Noticed a two-headed ogre
  8999 | D:9      | Killed a two-headed ogre
  9245 | D:10     | Entered Level 10 of the Dungeon
  9306 | D:10     | Noticed a two-headed ogre
  9309 | D:10     | Killed a two-headed ogre
  9481 | D:10     | Noticed a red ugly thing
  9488 | D:10     | Killed a red ugly thing
  9489 | D:10     | Reached XP level 11. HP: 48/92 MP: 10/13
  9543 | D:10     | Reached *** piety under Okawaru
  9544 | D:10     | Reached skill level 5 in Invocations
  9753 | D:10     | Found a sparkling altar of Nemelex Xobeh.
  9789 | D:10     | Found Sofesyph's Antique Weapon Emporium.
 10444 | Orc:1    | Entered Level 1 of the Orcish Mines
 10444 | Orc:1    | Found Fielo's Assorted Antiques.
 10450 | Orc:1    | Noticed an orc high priest
 10453 | Orc:1    | Noticed a sun demon
 10746 | D:9      | Killed an orc high priest
 10983 | Orc:1    | Found Ilynt's Jewellery Shop.
 11027 | Orc:1    | Found Japliff's Antique Armour Emporium.
 11032 | Orc:1    | Found Widixt's Weapon Emporium.
 11068 | Orc:1    | Found Hodd's Armour Boutique.
 11076 | Orc:1    | Reached skill level 17 in Axes
 11309 | Orc:2    | Entered Level 2 of the Orcish Mines
 11319 | Orc:2    | Noticed an orc sorcerer
 11385 | Orc:2    | Reached **** piety under Okawaru
 11564 | Orc:1    | Killed an orc sorcerer
 11758 | Orc:2    | Found a staircase to the Elven Halls.
 11934 | D:7      | Bought the +2 pair of slick slippers {slick, slippery,
                  | EV+4} for 1110 gold pieces
 11934 | D:7      | Found the +2 pair of slick slippers {slick, slippery, EV+4}
 12069 | D:10     | Noticed a deep troll
 12081 | D:10     | Killed a deep troll
 12081 | D:10     | Reached ***** piety under Okawaru
 12198 | D:11     | Noticed a two-headed ogre
 12203 | D:11     | Killed a two-headed ogre
 12448 | D:11     | Received a gift from Okawaru
 12617 | D:11     | Found a transporter.
 12621 | D:11     | Found a transporter.
 12623 | D:11     | Noticed ripuliukko's ghost (journeyman DEEE)
 12646 | D:11     | Reached XP level 12. HP: 105/105 MP: 16/16
 12760 | D:11     | Found a shimmering blue altar of Sif Muna.
 12983 | D:12     | Reached ****** piety under Okawaru
 13212 | D:12     | Identified the +0 chain mail of Lucidity {rF+ rCorr Dex+3
                  | Slay+3} (Okawaru gifted it to you on level 12 of the
                  | Dungeon)
 13212 | D:12     | Received a gift from Okawaru
 13519 | D:12     | Found a runed translucent door.
 13597 | D:12     | Noticed a boulder beetle
 13608 | D:12     | Reached skill level 10 in Fighting
 13608 | D:12     | Reached skill level 10 in Armour
 13617 | D:12     | Killed a boulder beetle
 13622 | D:12     | Reached skill level 18 in Axes
 13994 | D:12     | Noticed an entropy weaver
 13995 | Arena    | Entered the Arena
 14015 | Arena    | Killed an entropy weaver
 14035 | D:12     | HP: 5/107 [fire crab (5)]
 14035 | D:12     | HP: 1/107 [fire crab (4)]
 14394 | D:12     | Noticed an entropy weaver
 14396 | Arena    | Entered the Arena
 14400 | Arena    | Killed an entropy weaver
 14560 | D:12     | Noticed an entropy weaver
 14568 | D:12     | Killed an entropy weaver
 14618 | D:12     | Noticed a ghost crab
 14622 | D:12     | Killed a ghost crab
 14635 | D:12     | Noticed an entropy weaver
 14641 | D:12     | Killed an entropy weaver
 14650 | D:12     | Noticed a ghost crab
 14654 | D:12     | Killed a ghost crab
 14672 | D:12     | Identified the +4 battleaxe "Xohalics" {vamp, Fragile rElec
                  | rF+++ rC-} (Okawaru gifted it to you on level 12 of the
                  | Dungeon)
 14672 | D:12     | Received a gift from Okawaru
 14679 | D:12     | Identified the staff of air "Appaatt" {rElec rPois Str-2
                  | Dex+6 SInv}
 14905 | D:13     | Identified the +1 cloak "Burelor" {Dex+2}
 14981 | D:13     | Identified the +1 dagger of the Shrinking Viper {pain, rN+
                  | Int+2}
 15036 | D:13     | Noticed a boulder beetle
 15041 | D:13     | Killed a boulder beetle
 15051 | D:13     | Found Kiudiczea's Weapon Boutique.
 15131 | D:13     | Reached XP level 13. HP: 104/117 MP: 18/18
 15923 | D:14     | Reached skill level 19 in Axes
 16068 | D:14     | Noticed Azrael
 16087 | D:14     | Killed Azrael
 16393 | D:14     | Found a white marble altar of Elyvilon.
 16487 | D:14     | Received a gift from Okawaru
 16660 | D:14     | Found a portal to a secret trove of treasure.
 16776 | D:14     | Found a gate to the Vaults.
 16943 | D:15     | Entered Level 15 of the Dungeon
 16955 | D:15     | Identified the +0 hat of Wugul {rF+} (Okawaru gifted it to
                  | you on level 15 of the Dungeon)
 16955 | D:15     | Received a gift from Okawaru
 17062 | D:15     | Reached skill level 20 in Axes
 17094 | Arena    | Entered the Arena
 17098 | Arena    | Reached XP level 14. HP: 25/130 MP: 11/19
 17422 | D:15     | Found a staircase to the Depths.
 17487 | D:15     | Received a gift from Okawaru
 18404 | Orc:2    | Found Okoxo's Book Shop.
 18461 | Orc:2    | Noticed Rupert
 18462 | Orc:2    | Paralysed by Rupert for 4 turns
 18476 | Orc:2    | Killed Rupert
 18582 | Orc:2    | Found a runed translucent door.
 18584 | Orc:2    | Noticed MacCMillion's ghost (journeyman TeSu)
 18713 | Orc:2    | Found Zufid's Assorted Antiques.
 18719 | Orc:2    | Gained mutation: You are resistant to electric shocks.
                  | (rElec) [a neqoxec]
 18723 | Orc:2    | Gained mutation: Your spells are a little easier to cast,
                  | but a little less powerful. [a neqoxec]
 18751 | Orc:2    | Bought a fuming red potion for 18 gold pieces
 18928 | Orc:2    | Noticed an orc warlord
 18945 | Orc:2    | Reached skill level 15 in Fighting
 18947 | Orc:2    | Found Arues's Antique Armour Emporium.
 18952 | Orc:2    | Killed an orc warlord
 18953 | Orc:2    | Reached skill level 15 in Armour
 18957 | Orc:2    | Found Regh's Antique Weapon Shoppe.
 19098 | Orc:2    | Killed MacCMillion's ghost
 19258 | Lair:1   | Entered Level 1 of the Lair of Beasts
 19351 | Lair:1   | Identified the +5 hand axe of Xazud {antimagic, Str+4
                  | Dex+4} (Okawaru gifted it to you on level 1 of the Lair of
                  | Beasts)
 19351 | Lair:1   | Received a gift from Okawaru
 19735 | Lair:1   | Reached skill level 21 in Axes
 20204 | Lair:2   | Noticed Urug
 20213 | Lair:2   | Killed Urug
 20392 | Lair:2   | Noticed Prince Ribbit
 20394 | Lair:2   | Killed Prince Ribbit
 20413 | Lair:2   | Identified the +5 great sword "Killer Bee's Death"
                  | {antimagic, rF+ Str+2} (Okawaru gifted it to you on level 2
                  | of the Lair of Beasts)
 20413 | Lair:2   | Received a gift from Okawaru
 20462 | Lair:2   | Found a staircase to the Snake Pit.
 20589 | Lair:2   | Reached XP level 15. HP: 134/143 MP: 17/20
 21023 | Snake:1  | Entered Level 1 of the Snake Pit
 21185 | Lair:3   | Noticed Gastronok
 21195 | Lair:3   | Killed Gastronok
 21195 | Lair:3   | Received a gift from Okawaru
 21540 | Lair:3   | Found a staircase to the Shoals.
 22376 | Lair:4   | Identified the staff of cold "Dealli Dogy" {rC+ Int+3}
 22439 | Lair:5   | Entered Level 5 of the Lair of Beasts
 22439 | Lair:5   | Noticed Josephine
 22670 | Lair:5   | Received a gift from Okawaru
 22806 | Lair:5   | Killed Josephine
 22815 | Lair:5   | Reached skill level 22 in Axes
 23528 | Lair:5   | Identified the +1 ring mail of Forking Paths {rF+} (Okawaru
                  | gifted it to you on level 5 of the Lair of Beasts)
 23528 | Lair:5   | Received a gift from Okawaru
 23624 | Lair:5   | Found a large runed translucent door.
 23624 | Lair:5   | Found a large runed translucent door.
 23801 | Lair:5   | Found a viscous altar of Jiyva.
 23802 | Lair:5   | Found a staircase to the Slime Pits.
 24168 | Lair:5   | Identified the +7 whip "Ceffett" {flame, Dex+2}
 24543 | Depths:1 | Entered Level 1 of the Depths
 24708 | Depths:1 | Reached XP level 16. HP: 126/155 MP: 21/21
 24770 | Depths:1 | Found a gateway to Hell.
 25936 | Depths:1 | Found Veera's General Store.
 25939 | Depths:1 | Bought a scroll of fear for 64 gold pieces
 25939 | Depths:1 | Bought a scroll of blinking for 120 gold pieces
 26099 | Depths:2 | Identified the +1 ring mail of Jotye {Harm Will- Dex+5}
                  | (Okawaru gifted it to you on level 2 of the Depths)
 26099 | Depths:2 | Received a gift from Okawaru
 26162 | Depths:2 | Noticed a lich
 26183 | Depths:2 | Killed a lich
 26266 | Depths:2 | Noticed a golden dragon
 26280 | Depths:2 | Killed a golden dragon
 26646 | Depths:2 | Reached skill level 23 in Axes
 26971 | Depths:2 | Noticed a sphinx
 26978 | Depths:2 | Killed a sphinx
 27117 | Depths:2 | Found a one-way gate leading to the halls of Pandemonium.
 27211 | Depths:2 | Noticed a juggernaut
 27212 | Depths:2 | Noticed a tengu reaver
 27226 | Depths:2 | Killed a juggernaut
 27228 | Depths:2 | Noticed a sphinx
 27230 | Depths:2 | Killed a tengu reaver
 27242 | Depths:2 | Killed a sphinx
 27242 | Depths:2 | Received a gift from Okawaru
 27242 | Depths:2 | Found the +4 consecrated labrys {holy, Valiant Fragile Fly
                  | SInv}
 27970 | Depths:2 | Found a runed translucent gate.
 27970 | Depths:2 | Found a runed translucent gate.
 27970 | Depths:2 | Found a runed translucent gate.
 27970 | Depths:2 | Noticed a tentacled monstrosity
 27971 | Depths:2 | Noticed a tentacled monstrosity
 27971 | Depths:2 | Noticed a tentacled monstrosity
 27971 | Depths:2 | Noticed a tentacled monstrosity
 27986 | Depths:2 | Noticed a tentacled monstrosity
 28138 | Depths:2 | Killed a tentacled monstrosity
 28140 | Depths:2 | Killed a tentacled monstrosity
 28144 | Depths:2 | Killed a tentacled monstrosity
 28431 | Depths:2 | Killed a tentacled monstrosity
 28453 | Depths:2 | Reached XP level 17. HP: 165/168 MP: 22/22
 28456 | Depths:2 | Identified the +4 pair of boots "Rede" {Drain +Blink Will+
                  | Str+4} (Okawaru gifted it to you on level 2 of the Depths)
 28456 | Depths:2 | Received a gift from Okawaru
 28458 | Depths:2 | Killed a tentacled monstrosity
 28512 | Depths:2 | Found a runed translucent gate.
 28512 | Depths:2 | Found a runed translucent gate.
 28513 | Depths:2 | Noticed lmSkywalker's ghost (adept DrTm)
 28522 | Depths:2 | Found a runed translucent gate.
 28551 | Depths:2 | Paralysed by a floating eye for 4 turns
 28600 | Depths:2 | Killed lmSkywalker's ghost
 28636 | Depths:2 | Gained mutation: You have hidden genetic defects.
                  | [mutagenic glow]
 28645 | Depths:2 | Gained mutation: You occasionally lose the ability to drink
                  | potions when taking damage. [mutagenic glow]
 28663 | Depths:2 | Gained mutation: You do not regenerate when monsters are
                  | visible. [mutagenic glow]
 28678 | Depths:2 | Gained mutation: You are frail. (-10% HP) [mutagenic glow]
 29473 | Depths:3 | Noticed a hellephant
 29508 | Depths:3 | Killed from afar by a fire giant

Illustrated notes

Levels and vault maps discovered:
D:1:      dpeg_arrival_renting, layout_basic
D:2:      layout_basic, minmay_distorted, uniq_robin
D:3:      layout_basic, tso_metal_star, chequers_ecumenical_altar_simple
D:4:      layout_rooms, uniq_pikel
D:5:      layout_cave_pools, minivault_19, corner_web_ring, uniq_menkaure
D:6:      nicolae_BIG_FREAKIN_CUBE, layout_loops_corners,
          nicolae_lava_and_water, nicolae_stop_n_shop_1,
          kennysheep_generic_room_13, uniq_sigmund
D:7:      layout_cave_pools, minmay_temple_entry_gardened_gates, serial_shops,
          shop, minmay_between
D:8:      layout_loops_ring, mainiacjoe_overflow_alcove_1,
          kennysheep_slug_shrine, erik_lair_island, fungi_pond_lemuel,
          abandoned_shop, uniq_psyche
D:9:      layout_basic, orc_0_dummy
D:10:     dreamdust_cave_troll, layout_basic, nemelex_altar_shiori,
          serial_shops, nicolae_stop_n_shop_2
D:11:     layout_roguey, gammafunk_ghost_hive, tgw_sif
D:12:     gammafunk_mikee_crab_dinner, layout_irregular_city,
          lightli_fourway_metalbox
D:13:     layout_loops_corners, serial_shops, nicolae_shop_rolling_square
D:14:     layout_rooms, grunt_vaults_entry_fortified, enter_trove_6,
          basic_altar, uniq_azrael
D:15:     gammafunk_depths_entry_grave, layout_basic, due_unseen_surprise
Temple:   nicolae_temple_bog_church
Lair:1:   layout_gridlike, serial_bayou_shore_a, infiniplex_staircase_pool_2,
          grunt_megastairs_2
Lair:2:   layout_long_grid, minmay_snake_entry_six_corridors,
          chequers_serial_rivers_small_3, beast_lair_carwin_10, uniq_urug,
          uniq_prince_ribbit2
Lair:3:   layout_cave_shapes, minmay_shoals_entry_lonely_mermaid, uniq_gastronok
Lair:4:   minmay_lair_oklob_tunnel, layout_cave_shapes, st_stairs_4,
          dreamdust_mushroom_princess
Lair:5:   cheibrodos_lair_end_hotspot, layout_concentric_octagons,
          minmay_slime_entry_jelly_boxes, infiniplex_staircase_pool,
          uniq_josephine
Snake:1:  layout_onion_interference, ebering_ghost_rock_garden,
          serial_bayou_lagoon_a, uniq_louise
Orc:1:    layout_caves, serial_shops, nicolae_shop_tiny_waterfront, shop,
          nicolae_shop_tiny_glass, shop, shop
Orc:2:    grunt_orc_community_town_hall, layout_caves,
          grunt_orc_community_big_house_2, grunt_orc_community_big_house_1,
          grunt_orc_community_house_2, grunt_orc_community_house_1,
          grunt_orc_community_house_1, grunt_orc_community_house_1,
          ebering_ghost_inner_flame, uniq_rupert
Depths:1: layout_forbidden_donut, chequers_big_river, serial_shops,
          nicolae_shop_behind_doors, hellmouth_3, serial_bayou_pond_a,
          hangedman_corner_corridor, firewood_loft
Depths:2: minmay_outward_triangles, layout_gridville, rand_demon_pan_entry_4,
          hangedman_geh_valley, ploomutoo_gammafunk_ghost_potion_laboratory,
          minivault_14
Depths:3: minmay_firetagon, layout_cave_pools, enter_ziggurat_d, hell_entry,
          abyss_entry_crystal, chequers_serial_rivers_micro_b, serial_rivers,
          chequers_serial_rivers_room_a, chequers_serial_rivers_small_a,
          chequers_serial_rivers_large_b, chequers_serial_rivers_small_3,
          minmay_staircase_windowed_large

Skill      XL: |  1  2  3  4  5  6  7  8  9 10 11 12 13 14 15 16 |
---------------+-------------------------------------------------+-----
Shields        | 4 |  4.0
Fighting       | 4 5 7 9 11 13 15 17 19 | 19.5
Armour         | 4 5 7 9 11 13 15 17 19 | 19.5
Axes           | 3 4 6 7 10 11 13 16 17 18 20 21 22 23 | 23.9
Invocations    | 2 4 7 8 |  8.0

Action                     |  1- 3 |  4- 6 |  7- 9 | 10-12 | 13-15 | 16-18 || total
---------------------------+-------+-------+-------+-------+-------+-------++-------
  Melee: War axe           |    83 |    81 |   317 |    63 |       |       ||   544
         Headbutt          |    14 |    11 |    51 |    86 |   264 |   106 ||   532
         Battleaxe         |       |       |       |   414 |  1099 |   220 ||  1733
         Labrys            |       |       |       |       |       |   151 ||   151
  Throw: Dart              |       |    11 |       |    16 |     2 |       ||    29
 Invoke: Heroism           |       |       |       |     9 |    13 |     5 ||    27
         Duel              |       |       |       |     2 |     1 |       ||     3
         Finesse           |       |       |       |       |     5 |     3 ||     8
  Evoke: Wand              |       |       |     4 |    17 |    13 |     2 ||    36
    Use: Scroll            |       |     7 |     8 |     8 |    11 |     6 ||    40
         Potion            |       |       |       |     6 |     3 |     3 ||    12
   Stab: Invisible         |       |       |       |       |     1 |       ||     1
 Armour: Scale mail        |    60 |     9 |       |       |       |       ||    69
         Chain mail        |       |    34 |   155 |    10 |       |       ||   199
         Crystal plate arm |       |       |       |   318 |   747 |    95 ||  1160
         Gold dragon scale |       |       |       |       |       |   129 ||   129
  Dodge: Dodged            |    48 |    31 |    87 |   136 |   432 |   129 ||   863
  Block: Buckler           |    25 |    13 |    57 |    15 |       |       ||   110
         Kite shield       |       |       |       |       |       |    34 ||    34
